 Dungeon Crawl Stone Soup version 0.32-a0-913-g739538afd8 (webtiles) character file.

Game seed: 735263645734466825

38 smashvw the Slicer (level 3, -14/25 HPs)
             Began as a Gnoll Wanderer on Apr 8, 2024.
             Demolished by a gnoll
             ... wielding a +2 heavy flail
              (15 damage)
             ... on level 2 of the Dungeon.
             The game lasted 00:02:26 (1029 turns).

smashvw the Slicer (Gnoll Wanderer)                 Turns: 1029, Time: 00:02:27

Health: -14/25     AC:  3    Str: 10    XL:     3   Next: 43%
Magic:  7/7        EV: 10    Int:  9    God:
Gold:   92         SH:  0    Dex: 16    Spells: 6/7 levels left

rFire   . . .        a - +2 short sword
rCold   . . .        (no shield)
rNeg    . . .        e - +0 leather armour
rPois   .            (no helmet)
rElec   .            (no cloak)
rCorr   .            (no gloves)
SInv    .            (no boots)
Will    .....        (no amulet)
Stlth   +            (no ring)
HPRegen 0.24/turn    (no ring)
MPRegen 0.10/turn

%: no passive effects
@: no status effects
A: fangs 1, strong nose, distributed training
a: no special abilities


You were on level 2 of the Dungeon.
You visited 1 branch of the dungeon, and saw 2 of its levels.

You collected 92 gold pieces.

Inventory:

Hand Weapons
 a - a +2 short sword (weapon)
 c - a +0 dagger
Missiles
 b - 6 boomerangs
Armour
 e - a +0 leather armour (worn)
Scrolls
 h - 3 scrolls of identify {unknown}
 i - a scroll of fog {unknown}
Potions
 d - a potion of attraction
 f - a potion of brilliance {unknown}
 g - a potion of curing {unknown}


   Skills:
 + Level 0.8 Fighting
 + Level 10.4 Short Blades
 + Level 0.8 Long Blades
 + Level 0.8 Axes
 + Level 0.8 Maces & Flails
 + Level 0.8 Polearms
 + Level 0.8 Staves
 + Level 0.8 Ranged Weapons
 + Level 6.5 Throwing
 + Level 0.8 Armour
 + Level 0.8 Dodging
 + Level 0.8 Stealth
 + Level 0.8 Shields
 + Level 0.8 Unarmed Combat
 + Level 2.8 Spellcasting
 + Level 0.5 Conjurations
 + Level 0.5 Hexes
 + Level 0.5 Summonings
 + Level 0.5 Necromancy
 + Level 0.5 Translocations
 + Level 0.5 Fire Magic
 + Level 0.5 Ice Magic
 + Level 0.5 Air Magic
 + Level 2.1 Earth Magic
 + Level 0.5 Alchemy
 + Level 1.0 Invocations
 + Level 0.8 Evocations
 + Level 0.7 Shapeshifting


You had 6 spell levels left.
You knew the following spells:

 Your Spells              Type           Power      Damage    Failure   Level
a - Sandblast             Erth           10%        2d5       17%         1

Your spell library contained the following spells:

 Spells                   Type           Power      Damage    Failure   Level
 Stone Arrow              Conj/Erth      6%         3d7       58%         3


Dungeon Overview and Level Annotations

Branches:
Dungeon (2/15)

Altars:

Shops:
D:1 (


Innate Abilities, Weirdness & Mutations

You have very sharp teeth.
Your uncanny sense of smell can sniff out nearby items.
Your experience applies equally to all skills.


Message History

No target in view!
You hit the endoplasm.
You bite the endoplasm, but do no damage.
The endoplasm is severely wounded.
The endoplasm barely misses you.
You puncture the endoplasm!
You kill the endoplasm!
No target in view!
No target in view!
You now have 92 gold pieces (gained 7).
A gnoll comes into view. It is wielding a +0 whip.
Found a fuming amethyst potion.
You see here a scroll labelled DIFUCR GEIMP.
A gnoll is nearby!
A gnoll comes into view. It is wielding a +0 spear.
The gnoll shouts!
You hear a shout! x2
A quokka comes into view.
The gnoll closely misses you.
A gnoll comes into view. It is wielding a +2 heavy flail.
The gnoll hits you with a +2 heavy flail.
The gnoll closely misses you.
You see here a scroll labelled DIFUCR GEIMP.
You barely miss the gnoll.
The gnoll hits you from afar with a +0 spear.
You hit the gnoll.
The gnoll is lightly wounded.
The gnoll hits you with a +2 heavy flail!
Ouch! That really hurt!
* * * LOW HITPOINT WARNING * * *
You closely miss the gnoll. Your bite misses the gnoll.
The gnoll is lightly wounded.
The gnoll hits you from afar with a +0 spear.
* * * LOW HITPOINT WARNING * * *
You hit the gnoll. Your bite misses the gnoll.
The gnoll is moderately wounded.
You barely miss the gnoll.
The gnoll is moderately wounded.
The gnoll hits you with a +2 heavy flail!
Ouch! That really hurt!
You die...

...............†...#.#
..........#..)......#
#..........##.#....
#.............###.#
#..........#### >#
##.....#.### .#
#.#.#...# #....####
##@###.# ###g## #.#
#.gg# ..# #.#r#####..#
#.##.....# # .
#g....... #. #....##.#
# .r!.## #.###


You could see 3 gnolls and a quokka.

Vanquished Creatures
  A dart slug (D:1)
  5 ball pythons
  4 endoplasms
  4 giant cockroaches (D:1)
  A goblin (D:1)
  4 hobgoblins (D:1)
  2 kobolds
  3 quokkas (D:1)
  3 bats
  A frilled lizard (D:1)
  3 rats
31 creatures vanquished.

Notes
Turn   | Place    | Note
-------+----------+-------------------------------------------
     0 | D:1      | Reached skill level 10 in Short Blades
     0 | D:1      | smashvw the Gnoll Wanderer began the quest for the Orb.
     0 | D:1      | smashvw set off with the following items: a +2 short sword,
                  | 6 boomerangs, a +0 dagger, a potion of attraction, a +0
                  | leather armour; and the following spell memorised:
                  | Sandblast; and the following spells available to memorise:
                  | Stone Arrow.
     0 | D:1      | Reached XP level 1. HP: 13/13 MP: 4/4
   125 | D:1      | Reached XP level 2. HP: 18/19 MP: 5/5
   503 | D:1      | Reached XP level 3. HP: 24/25 MP: 7/7
   514 | D:1      | Found Guzxog's Weapon Boutique.
   961 | D:2      | Reached skill level 1 in Invocations
  1027 | D:2      | HP: 1/25 [gnoll/+0 spear (5)]
  1029 | D:2      | Demolished by a gnoll

Illustrated notes

Levels and vault maps discovered:
D:1:      dpeg_arrival_connections, layout_basic, serial_shops,
          nicolae_shop_waterfront, st_stairs_9, nrook_campfire
D:2:      layout_loops_ring, ebering_ecumenical_altar_abandoned,
          item_on_display_a

Skill      XL: |  1  2  3 |
---------------+----------+-----
Short Blades   | | 10.4
Earth Magic    | 2 |  2.1
Invocations    | 1 |  1.0
Fighting       | |  0.8
Long Blades    | |  0.8
Axes           | |  0.8
Maces & Flails | |  0.8
Polearms       | |  0.8
Staves         | |  0.8
Ranged Weapons | |  0.8
Throwing       | |  6.5
Armour         | |  0.8
Dodging        | |  0.8
Stealth        | |  0.8
Shields        | |  0.8
Unarmed Combat | |  0.8
Spellcasting   | |  2.8
Conjurations   | |  0.5
Hexes          | |  0.5
Summonings     | |  0.5
Necromancy     | |  0.5
Translocations | |  0.5
Fire Magic     | |  0.5
Ice Magic      | |  0.5
Air Magic      | |  0.5
Alchemy        | |  0.5
Evocations     | |  0.8
Shapeshifting  | |  0.7

Action                     || total
---------------------------++-------
  Melee: Short sword       ||    91
         Bite              ||     6
  Throw: Boomerang         ||     1
   Cast: Sandblast         ||     1
 Armour: Leather armour    ||    44
  Dodge: Dodged            ||    37

Table legend: (Time is in decaauts)
 A = Elapsed time spent in this place.
 B = Non-inter-level travel time spent in this place.
 C = Inter-level travel time spent in this place.
 D = Time resting spent in this place.
 E = Time spent auto-exploring this place.
 F = Levels seen in this place.
 G = Mean time per level.
                   A        B        C        D        E       F      G
               +--------+--------+--------+--------+--------+-----+--------+
         Total |    984 |    974 |     10 |      0 |    802 |   2 |  492.0 |
       Dungeon |    984 |    974 |     10 |      0 |    802 |   2 |  492.0 |
               +--------+--------+--------+--------+--------+-----+--------+

Top non-repeatable levels by time:
     D:1: 805 daAuts
     D:2: 179 daAuts
